 Dungeon Crawl Stone Soup version 0.12.2-18-gb8c16a5 (webtiles) character file.

1158 Gabry the Shield-Bearer (level 7, -11/60 HPs)
             Began as a Minotaur Fighter on Aug 22, 2013.
             Was a Follower of Okawaru.
             Mangled by a goliath beetle (20 damage)
             ... on Level 6 of the Dungeon.
             The game lasted 00:29:48 (5222 turns).

Gabry the Shield-Bearer (Minotaur Fighter)          Turns: 5222, Time: 00:29:48

HP -11/60        AC 10     Str 22      XL: 7   Next: 76%
MP   2/2         EV  6     Int  5      God: Okawaru [*.....]
Gold 274         SH 21     Dex 10      Spells:  0 memorised,  6 levels left

Res.Fire  : . . .   See Invis. : .   h - +1,+5 orc hammer (holy)
Res.Cold  : + . .   Warding    : .   G - +2 orc scale mail {rF+}
Life Prot.: + . .   Conserve   : .   c - +0 shield
Res.Poison: .       Res.Corr.  : .   (helmet restricted)
Res.Elec. : .       Clarity    : .   (no cloak)
Sust.Abil.: . .     Spirit.Shd : .   (no gloves)
Res.Mut.  : .       Stasis     : .   p - +0 pair of boots
Res.Rott. : .       Ctrl.Telep.: .   (no amulet)
Saprovore : . . .   Flight     : .   C - cursed ring of ice
                                     b - ring of life protection {unknown}

@: slightly resistant to hostile enchantments, extremely unstealthy
A: retaliatory headbutt, horns 2
a: Heroism, Renounce Religion


You were on level 6 of the Dungeon.
You worshipped Okawaru.
Okawaru was pleased with you.
You were not hungry.

You visited 1 branch of the dungeon, and saw 6 of its levels.

You collected 254 gold pieces.

Inventory:

Hand weapons
 g - a +4,+2 whip of draining
 h - a +1,+5 orcish hammer of holy wrath (weapon)
 u - a +1,+3 orcish trident
 A - a +0,+0 orcish dagger (quivered)
 B - a -1,+1 orcish dagger
Armour
 c - a +0 shield (worn)
 p - a +0 pair of boots (worn)
 G - a +2 orcish scale mail of fire resistance (worn)
Magical devices
 k - a wand of cold (12) {unknown}
 q - a wand of random effects (8) {unknown}
 E - a wand of disintegration (11) {unknown}
Comestibles
 d - 3 bread rations
 o - a cheese
 F - a meat ration
Scrolls
 a - a scroll of teleportation
 e - a scroll of recharging {unknown}
 j - 6 scrolls of identify
 y - a scroll of amnesia {unknown}
 D - a scroll of remove curse
Jewellery
 b - a ring of life protection (left hand) {unknown}
 C - a cursed ring of ice (right hand)
Potions
 f - a potion of cure mutation {unknown}
 l - 5 potions of heal wounds {unknown}
 m - a potion of invisibility {unknown}
 n - 4 potions of curing {unknown}
 r - 2 potions of brilliance {unknown}
 s - a potion of agility {unknown}
 t - a potion of poison {unknown}
 w - a potion of resistance {unknown}
 x - a potion of slowing {unknown}
 z - a potion of restore abilities {unknown}
Books
 i - a book of Control

   Spells                             Type                      Level
   Control Teleport                   Charms/Translocation         4
   Control Undead                     Necromancy                   4
   Enslavement                        Hexes                        4
   Mass Confusion                     Hexes                        6
   Metabolic Englaciation             Hexes/Ice                    6


   Skills:
 + Level 5.0 Fighting
 + Level 5.0 Maces & Flails
 + Level 5.9 Armour
 + Level 3.4 Dodging
 + Level 1.1 Stealth
 + Level 6.2 Shields
 + Level 1.7 Traps


You had 6 spell levels left.
You didn't know any spells.

Dungeon Overview and Level Annotations

Branches:
Dungeon (6/27)             Temple (0/1) D:6
    Orc: D:6-11

Altars:
Okawaru
Xom
Yredelemnul

Shops:
D:6: (


Innate Abilities, Weirdness & Mutations

You reflexively headbutt those who attack you in melee.
You have a pair of horns on your head.


Message History

A goliath beetle comes into view.
The goliath beetle twitches its antennae in your direction.
You hit the goliath beetle but do no damage.
You sock the goliath beetle! You headbutt the goliath beetle!
The goliath beetle is moderately wounded.
The goliath beetle barely misses you.
You hit the goliath beetle.
You headbutt the goliath beetle, but do no damage.
The goliath beetle is heavily wounded.
You hit the goliath beetle but do no damage.
You headbutt the goliath beetle.
The goliath beetle is heavily wounded.
The goliath beetle bites you!
* * * LOW HITPOINT WARNING * * *
You hit the goliath beetle but do no damage.
The goliath beetle is heavily wounded.
You hit the goliath beetle but do no damage.
The goliath beetle is heavily wounded.
The goliath beetle bites you!
You die...

#.###..###.....##..[.)...).##
##......######.####.<####..##
#.......# #..###..## ##..###..
#######.# ##<.#....###........
#.# #....##.....####... #.#
#...####..∩## #.. #######
##..# #.....### #..
##⌠.⌠######..###....G..###..
..+.>.+....B@.##.....##.G....
####⌠.⌠#####.#...B##..###B%...
###+### ####...##..# ##....
### ### #.......# ##...
#.........^#####...
#..........##......
....................
..)..............%..
##.............%...


You could see 2 goliath beetles.

Vanquished Creatures
  A phantom (D:5)
  A yak skeleton (D:5)
  A giant frog (D:6)
  A centaur skeleton (D:5)
  An orc priest (D:5)
  2 crimson imps
  An iguana (D:5)
  A gnoll shaman (D:4)
  A scorpion (D:4)
  7 orc wizards
  2 worker ants
  2 jellies
  A mummy (D:6)
  4 gnolls
  4 adders
  3 worms
  2 giant geckos (D:5)
  2 oozes
  14 orcs
  2 ball pythons
  3 giant cockroaches
  5 goblins
  12 hobgoblins
  9 jackals
  7 bats
  5 giant newts
  3 kobolds
  4 quokkas
  12 rats
  A rat skeleton (D:6)
  3 butterflies (D:3)
117 creatures vanquished.

Vanquished Creatures (others)
  An adder (D:3)
  A gnoll (D:4)
2 creatures vanquished.

Grand Total: 119 creatures vanquished

Notes
Turn   | Place    | Note
--------------------------------------------------------------
     0 | D:1      | Gabry, the Minotaur Fighter, began the quest for the Orb.
     0 | D:1      | Reached XP level 1. HP: 19/19 MP: 0/0
   505 | D:1      | Reached skill level 4 in Armour
   505 | D:1      | Reached XP level 2. HP: 19/26 MP: 0/0
   937 | D:2      | Found a basalt altar of Yredelemnul.
  1151 | D:2      | Reached XP level 3. HP: 33/33 MP: 1/1
  1537 | D:2      | HP: 1/33 [adder (4)]
  1766 | D:3      | Reached XP level 4. HP: 18/40 MP: 1/1
  2209 | D:3      | Reached skill level 1 in Dodging
  2214 | D:3      | Reached skill level 5 in Shields
  2219 | D:3      | Reached XP level 5. HP: 19/46 MP: 1/1
  2480 | D:3      | Found an iron altar of Okawaru.
  2509 | D:3      | Became a worshipper of Warmaster Okawaru
  2718 | D:3      | Found a shimmering altar of Xom.
  3424 | D:4      | Reached skill level 5 in Armour
  3656 | D:4      | Reached XP level 6. HP: 41/53 MP: 2/2
  4142 | D:5      | Entered Level 5 of the Dungeon
  4156 | D:5      | Reached skill level 1 in Traps
  4341 | D:5      | Reached XP level 7. HP: 23/59 MP: 2/2
  4348 | D:5      | Acquired Okawaru's first power
  4893 | D:5      | Reached skill level 1 in Stealth
  4920 | D:5      | Reached skill level 6 in Shields
  5017 | D:6      | Found Psoetom's Weapon Shop.
  5048 | D:6      | Found a staircase to the Ecumenical Temple.
  5159 | D:6      | Reached skill level 5 in Fighting
  5159 | D:6      | Reached skill level 5 in Maces & Flails
  5195 | D:6      | Paralysed by a giant eyeball for 2 turns
  5201 | D:6      | Paralysed by a giant eyeball for 2 turns
  5222 | D:6      | Mangled by a goliath beetle

Action                   |  1- 3 |  4- 6 |  7- 9 || total
-------------------------+-------+-------+-------++-------
Melee: Mace              |   158 |    29 |       ||   187
       Hammer            |       |   114 |    92 ||   206
  Use: Scroll            |       |    16 |     1 ||    17
